 Dungeon Crawl Stone Soup version 0.27-a0-1196-g3e9cee4cb2 (webtiles) character file.

Game seed: 15145058567985557008

2683 ZappyNine the Conjurer (level 9, -12/68 HPs)
             Began as a Demonspawn Hedge Wizard on May 27, 2021.
             Was a Follower of Vehumet.
             Mangled by Prince Ribbit (15 damage)
             ... on level 7 of the Dungeon on May 28, 2021.
             The game lasted 00:25:01 (14455 turns).

ZappyNine the Conjurer (Demonspawn Hedge Wizard)   Turns: 14455, Time: 00:25:02

Health: -12/68     AC:  2    Str: 11    XL:     9   Next: 37%
Magic:  19/19      EV: 12    Int: 21    God:    Vehumet [*.....]
Gold:   367        SH:  5    Dex: 12    Spells: 11/22 levels left

rFire    . . .     SeeInvis +   e - +7 club
rCold    + . .     Faith    .   (no shield)
rNeg     . . .     Spirit   .   b - +0 robe
rPois    .         Reflect  +   (helmet restricted)
rElec    .         Harm     .   (no cloak)
rCorr    .         Rampage  .   (no gloves)
Will     .....                  (no boots)
Stlth    ++........             n - amulet of reflection
HPRegen  0.21/turn              m - ring of see invisible
MPRegen  0.16/turn              t - ring of protection from cold

@: no status effects
A: claws 2, horns 1, talons 1, foul stench 1, see invisible, clever 1, evolution
1
a: Renounce Religion


You were on level 7 of the Dungeon.
You worshipped Vehumet.
Vehumet was aware of your devotion.
You visited 2 branches of the dungeon, and saw 8 of its levels.

You collected 367 gold pieces.

Inventory:

Hand Weapons
 a - a +0 dagger of freezing
 e - a +7 club (weapon)
Missiles
 i - 10 curare-tipped darts (quivered)
Armour
 b - a +0 robe (worn)
 c - a +0 hat
 j - a +0 helmet
Jewellery
 m - a ring of see invisible (left claw)
 n - an amulet of reflection (around neck)
 t - a ring of protection from cold (right claw)
 u - a ring of fire
Wands
 l - a wand of flame (18)
 p - a wand of charming (8)
 r - a wand of mindburst (8)
Scrolls
 d - a scroll of identify
 h - a scroll of teleportation
 o - 2 scrolls of vulnerability
Potions
 g - a potion of mutation
 k - 2 potions of lignification


   Skills:
 - Level 5.0 Fighting
 - Level 1.7 Dodging
 - Level 1.7 Stealth
 + Level 7.0 Spellcasting
 + Level 7.4 Conjurations
 - Level 2.8 Summonings
 - Level 0.8 Translocations
 - Level 1.8 Fire Magic
 - Level 2.7 Air Magic
 - Level 3.0 Poison Magic


You had 11 spell levels left.
You knew the following spells:

 Your Spells              Type           Power      Damage    Failure   Level
a - Magic Dart            Conj           100%       1d8       1%          1
b - Blink                 Tloc           N/A        N/A       10%         2
c - Call Imp              Summ           19%        N/A       4%          2
d - Conjure Flame         Conj/Fire      26%        6-21      4%          3
e - Mephitic Cloud        Conj/Pois/Air  25%        N/A       4%          3

Your spell library contained the following spells:

 Spells                   Type           Power      Damage    Failure   Level
 Foxfire                  Conj/Fire      100%       2x1d9     1%          1
 Summon Small Mammal      Summ           76%        N/A       2%          1
 Apportation              Tloc           20%        N/A       6%          1
 Animate Skeleton         Necr           14%        N/A       9%          1
 Corona                   Hex            7%         N/A       9%          1
 Slow                     Hex            7%         N/A       13%         2


Dungeon Overview and Level Annotations

Branches:
Dungeon (7/15)             Temple (1/1) D:4

Altars:
Ashenzari
Cheibriados
Dithmenos
Elyvilon
Fedhas
Gozag
Kikubaaqudgha
Makhleb
Nemelex Xobeh
Okawaru
Qazlal
Ru
Sif Muna
Trog
Uskayaw
Vehumet
Wu Jian
Xom
Yredelemnul
Zin
The Shining One

Shops:
D:7 *

Annotations:
D:6 3 runed translucent doors, HendSelp's ghost, novice MiHu
D:7 1 runed translucent door, Crazy Yiuf; Harold; Prince Ribbit


Innate Abilities, Weirdness & Mutations

You have very sharp fingernails.
You have a pair of small horns on your head.
You have sharp toenails.
You may rarely emit foul miasma when damaged in melee.
You have supernaturally acute eyesight. (SInv)
Your mind is acute. (Int +2)
You evolve.


Message History

Harold shouts!
Prince Ribbit comes into view.
Prince Ribbit croaks.
Harold closely misses you.
You hit Harold but do no damage. Harold hits you with a +0 long sword!
Prince Ribbit blinks!
You hit Harold but do no damage. Harold hits you with a +0 long sword!
Prince Ribbit blinks!
You barely miss Harold. You claw Harold, but do no damage.
Harold hits you with a +0 long sword! Harold hits you with a +0 long sword!!
* * * LOW HITPOINT WARNING * * *
You are too injured to fight recklessly!
You are too injured to fight recklessly!
You are too injured to fight recklessly!
You are too injured to fight recklessly!
You are too injured to fight recklessly!
You are too injured to fight recklessly!
You are too injured to fight recklessly!
You are too injured to fight recklessly!
You are too injured to fight recklessly!
You are too injured to fight recklessly!
You are too injured to fight recklessly!
You are too injured to fight recklessly!
You are too injured to fight recklessly!
Unknown command.
Harold fires a harpoon shot at you. The harpoon shot hits you.
* * * LOW HITPOINT WARNING * * *
You are yanked forward by the harpoon shot.
Okay, then.
Okay, then.
As you read the scroll labelled VILUNAUSTRU, it crumbles to dust.
It is a scroll of brand weapon.
Your +0 dagger is covered with a thin layer of ice!
a - a +0 dagger of freezing Harold completely misses you.
As you read the scroll labelled EVOASOTTEG, it crumbles to dust.
Wisps of shadow whirl around you...
It was a scroll of summoning.
Prince Ribbit hits you!
You die...

# ######## #####
#.###....... #...
#.......###.
#..#######..#.##..
#.. ..#....##.#...
#Z# #.#.#.###.##..
#@# #.#..)....###.
#@###...#.##### #.
#hFZ......# #.
#####.##### ##'
#.# ##.. #.###
##... #.#.##
##....
#....####.....
#.......'.....
#....####.....


You could see Harold (ally target), Prince Ribbit (ally target), a friendly
howler monkey (summoned), a friendly bullfrog zombie (summoned) and a friendly
howler monkey skeleton (summoned, wandering).

Vanquished Creatures
  Sigmund (D:4)
  A steam dragon (D:6)
  Menkaure (D:7)
  A sky beast (D:7)
  2 orc warriors
  2 black bears
  A hornet zombie (D:7)
  A necrophage (D:7)
  3 ogres
  2 elf skeletons (D:4)
  2 scorpions (D:5)
  A gnoll sergeant (D:6)
  A water moccasin zombie (D:5)
  2 water moccasin skeletons (D:4)
  3 howler monkeys
  2 bullfrog zombies
  A centaur zombie (D:7)
  3 human zombies (D:4)
  2 bullfrog skeletons (D:5)
  2 jellies
  4 orc priests
  Terence (D:2)
  An iguana (D:6)
  An orc wizard (D:7)
  A hound zombie (D:5)
  Robin (D:2)
  5 gnolls (D:7)
  5 adders
  A shadow imp (D:6)
  A white imp (D:7)
  2 ufetubi
  2 adder skeletons (D:4)
  A worm (D:3)
  4 dart slugs
  23 orcs
  6 endoplasms
  2 giant cockroaches
  16 goblins
  6 hobgoblins
  8 jackals
  A quokka (D:2)
  5 ball pythons
  6 bats
  5 frilled lizards
  6 kobolds
  An orc skeleton (D:4)
  3 rats
152 creatures vanquished.

Vanquished Creatures (collateral kills)
  A black bear (D:6)
  2 ogres (D:4)
  Jessica (D:2)
  An adder (D:1)
  An endoplasm (D:1)
  4 goblins
10 creatures vanquished.

Vanquished Creatures (others)
  7 plants (D:4)
7 creatures vanquished.

Grand Total: 169 creatures vanquished

Notes
Turn   | Place    | Note
-------+----------+-------------------------------------------
     0 | D:1      | ZappyNine the Demonspawn Hedge Wizard began the quest for
                  | the Orb.
     0 | D:1      | Reached XP level 1. HP: 13/13 MP: 4/4
   497 | D:1      | Reached skill level 1 in Fighting
   500 | D:1      | Gained mutation: You have sharp fingernails. [demonic
                  | ancestry]
   500 | D:1      | Reached XP level 2. HP: 15/21 MP: 1/6
   850 | D:1      | Learned a level 2 spell: Blink
   853 | D:1      | Learned a level 2 spell: Call Imp
  1770 | D:2      | Noticed Robin
  1834 | D:1      | Reached XP level 3. HP: 20/27 MP: 0/7
  2089 | D:2      | Killed Robin
  2628 | D:2      | Gained mutation: You have sharp toenails. [demonic
                  | ancestry]
  2628 | D:2      | Reached XP level 4. HP: 34/34 MP: 8/8
  2642 | D:2      | Found a faded altar of an unknown god.
  2762 | D:2      | Noticed Jessica
  2766 | D:2      | Killed Jessica
  3111 | D:2      | Noticed Terence
  3338 | D:2      | Killed Terence
  3868 | D:3      | Found an opulent altar of Gozag.
  4063 | D:3      | Reached XP level 5. HP: 12/41 MP: 3/9
  4317 | D:3      | Found a sparkling altar of Nemelex Xobeh.
  4925 | D:4      | Noticed an ogre
  5336 | D:4      | Noticed an ogre
  5615 | D:4      | Killed an ogre
  5616 | D:4      | Gained mutation: You may rarely emit foul miasma when
                  | damaged in melee. [demonic ancestry]
  5616 | D:4      | Reached XP level 6. HP: 44/48 MP: 3/11
  5742 | D:4      | HP: 1/48 [ogre/+0 giant club (18)]
  6138 | D:3      | Learned a level 3 spell: Conjure Flame
  6142 | D:3      | Learned a level 3 spell: Mephitic Cloud
  6213 | D:4      | Found a staircase to the Ecumenical Temple.
  6359 | D:4      | Noticed Sigmund
  6446 | D:4      | Killed Sigmund
  6447 | D:4      | Reached skill level 1 in Fire Magic
  6614 | D:4      | Found a shadowy altar of Dithmenos.
  6851 | D:4      | Found an iron altar of Okawaru.
  7015 | D:4      | Reached skill level 1 in Poison Magic
  7015 | D:4      | Gained mutation: You have very sharp fingernails. [demonic
                  | ancestry]
  7015 | D:4      | Reached XP level 7. HP: 35/54 MP: 6/12
  7224 | D:4      | Reached skill level 1 in Air Magic
  7313 | Temple   | Entered the Ecumenical Temple
  7348 | Temple   | Became a worshipper of Vehumet
  8199 | D:5      | Entered Level 5 of the Dungeon
  8540 | D:5      | Reached XP level 8. HP: 46/61 MP: 13/13
  8779 | D:5      | Reached skill level 5 in Fighting
 10074 | D:6      | Reached skill level 5 in Conjurations
 10197 | D:6      | Reached * piety under Vehumet
 10197 | D:6      | Offered knowledge of Foxfire by Vehumet.
 10358 | D:6      | Reached skill level 5 in Spellcasting
 10408 | D:6      | Found a runed translucent gate.
 10409 | D:6      | Found a runed translucent gate.
 10410 | D:6      | Found a runed translucent gate.
 11389 | D:6      | Noticed HendSelp's ghost (novice MiHu)
 11752 | D:7      | Gained mutation: You have a pair of small horns on your
                  | head. [demonic ancestry]
 11752 | D:7      | Reached XP level 9. HP: 45/68 MP: 13/18
 12093 | D:7      | Found a runed translucent door.
 12094 | D:7      | Noticed Crazy Yiuf
 12132 | D:7      | Noticed Menkaure
 12134 | D:7      | Gained mutation: Your mind is acute. (Int +2) [potion of
                  | mutation]
 12134 | D:7      | Gained mutation: You have supernaturally acute eyesight.
                  | (SInv) [potion of mutation]
 12134 | D:7      | Gained mutation: You evolve. [potion of mutation]
 12137 | D:7      | Killed Menkaure
 13717 | D:7      | Noticed Harold
 13729 | D:7      | HP: 1/68 [white imp/puff of frost (3)]
 13741 | D:7      | Found a burning altar of Makhleb.
 14296 | D:7      | Found Xiec's Assorted Antiques.
 14446 | D:7      | Noticed Prince Ribbit
 14453 | D:7      | HP: 2/68 [Harold/harpoon shot (5)]
 14455 | D:7      | Mangled by Prince Ribbit

Illustrated notes

Levels and vault maps discovered:
D:1:      nicolae_arrival_somewhat_less_tricky_arrival, layout_loops_ring,
          minivault_19, minmay_hexomino_c4
D:2:      layout_loops_ring, hellmonk_ecumenical_altar_dog_temple, uniq_terence,
          uniq_jessica, uniq_robin
D:3:      layout_basic, nicolae_overflow_hidden_temple
D:4:      layout_loops_corners, lemuel_doored_altar, grunt_dithmenos_smoke,
          minmay_temple_entry_gardened_gates, nicolae_ossuary_entry_catacombs,
          minmay_misc_feat_chi, minmay_ogre_servants, uniq_sigmund
D:5:      layout_basic, grunt_decor_mini_mirrors, corexii_hall_statues_l
D:6:      layout_cave_pools, gammafunk_ghost_necromancy
D:7:      layout_loops_corners, general_overflow_altar, serial_shops,
          kennysheep_mini_moat, uniq_menkaure, uniq_crazy_yiuf_cottage,
          uniq_harold, uniq_prince_ribbit1
Temple:   eino_temple_lava

Skill      XL: |  1  2  3  4  5  6  7  8  9 |
---------------+----------------------------+-----
Fighting       | 1 2 3 4 5 |  5.0
Summonings     | 2 |  2.8
Conjurations   | 3 6 7 |  7.4
Fire Magic     | 1 |  1.8
Poison Magic   | 1 3 |  3.0
Air Magic      | 2 |  2.7
Spellcasting   | 6 7 |  7.0
Dodging        | |  1.7
Stealth        | |  1.7
Translocations | |  0.8

Action                   |  1- 3 |  4- 6 |  7- 9 || total
-------------------------+-------+-------+-------++-------
Melee: Dagger            |   101 |       |       ||   101
       Club              |    22 |   111 |   236 ||   369
       Kick              |       |    18 |    53 ||    71
       Headbutt          |       |       |    10 ||    10
Throw: Dart              |       |       |     3 ||     3
 Cast: Magic Dart        |    46 |    12 |    31 ||    89
       Call Imp          |     5 |    34 |     9 ||    48
       Blink             |       |     3 |     4 ||     7
       Mephitic Cloud    |       |       |    33 ||    33
  Use: Potion            |     4 |     1 |    10 ||    15
       Scroll            |       |     5 |     7 ||    12
 Stab: Sleeping          |       |     2 |     5 ||     7
       Confused          |       |       |    12 ||    12
       Invisible         |       |       |     1 ||     1
Armor: Robe              |    28 |    22 |    39 ||    89
Dodge: Dodged            |   104 |    68 |   160 ||   332
Block: Other             |       |       |    31 ||    31

Table legend: (Time is in decaauts)
 A = Elapsed time spent in this place.
 B = Non-inter-level travel time spent in this place.
 C = Inter-level travel time spent in this place.
 D = Time resting spent in this place.
 E = Time spent auto-exploring this place.
 F = Levels seen in this place.
 G = Mean time per level.
                   A        B        C        D        E       F      G
               +--------+--------+--------+--------+--------+-----+--------+
         Total |  14581 |  14130 |    451 |   6261 |   5428 |   8 | 1822.6 |
       Dungeon |  14537 |  14103 |    434 |   6261 |   5428 |   7 | 2076.7 |
        Temple |     44 |     27 |     17 |      0 |      0 |   1 |   44.0 |
               +--------+--------+--------+--------+--------+-----+--------+

Top non-repeatable levels by time:
     D:4: 2398 daAuts
     D:3: 2220 daAuts
     D:1: 2189 daAuts
     D:5: 2156 daAuts
     D:6: 2102 daAuts
     D:7: 1941 daAuts
     D:2: 1528 daAuts
  Temple: 44 daAuts
